 Dungeon Crawl Stone Soup version 0.24-a0-520-g8fd06ad0bc (webtiles) character file.

Game seed: 13103635130332620210

6943 DasRunzen the Fighter (level 10, 0/94 HPs)
             Began as a Black Draconian Berserker on July 24, 2019.
             Was a High Priest of Trog.
             Slain by a vampire (4 damage)
             ... on level 9 of the Dungeon.
             The game lasted 00:22:41 (8089 turns).

DasRunzen the Fighter (Black Draconian Berserker)   Turns: 8089, Time: 00:22:41

Health: 0/94       AC: 13    Str: 27    XL:     10   Next: 80%
Magic:  10/10      EV: 18    Int:  9    God:    Trog [*****.]
Gold:   564        SH:  0    Dex: 16    Spells: 9/9 levels left

rFire    . . .     SeeInvis .   y - +2 trident (venom)
rCold    + . .     Gourm    .   (no shield)
rNeg     . . .     Faith    +   (armour unavailable)
rPois    .         Spirit   .   (helmet restricted)
rElec    +         Reflect  .   m - +2 cloak {+Inv}
rCorr    .         Harm     .   s - +2 pair of gloves
MR       .....                  (no boots)
Stlth    +.........             j - amulet of faith
HPRegen  0.25/turn              d - +6 ring of dexterity
MPRegen  0.12/turn              i - ring of protection from cold

@: confused, mighty
A: breathe lightning, unfitting armour, electricity resistance, cold-blooded, AC
+7
a: Breathe Lightning, Berserk, Trog's Hand, Brothers in Arms, Renounce Religion,
Evoke Invisibility


You were on level 9 of the Dungeon.
You worshipped Trog.
Trog was extremely pleased with you.
You were not hungry.

You visited 1 branch of the dungeon, and saw 9 of its levels.

You collected 564 gold pieces.

Inventory:

Hand Weapons
 a - a +2 hand axe
 y - a +2 trident of venom (weapon)
Armour
 m - a +2 cloak of invisibility (worn)
 s - a +2 pair of gloves (worn)
Jewellery
 d - a +6 ring of dexterity (left hand)
 i - a ring of protection from cold (right hand)
 j - an amulet of faith (around neck)
 C - an uncursed ring of flight {unknown}
Wands
 l - a wand of random effects (8)
 q - a wand of polymorph (12)
 x - a wand of disintegration (17)
 z - a wand of paralysis (16)
Scrolls
 f - 2 scrolls of remove curse
 h - 3 scrolls of teleportation
 k - 2 scrolls of amnesia {unknown}
 p - 7 scrolls of identify
 r - a scroll of enchant armour
 u - 2 scrolls of magic mapping {unknown}
 w - a scroll of summoning {unknown}
 B - a scroll of blinking {unknown}
Potions
 c - a potion of berserk rage
 e - 3 potions of haste
 g - 2 potions of resistance
 n - a potion of lignification
 o - 2 potions of might
 t - 2 potions of brilliance
 v - a potion of agility {unknown}
 A - a potion of mutation {unknown}
Comestibles
 b - 13 rations


   Skills:
 + Level 10.5 Fighting
 + Level 9.7(10.2) Axes
 + Level 4.7(7.8) Polearms
 + Level 8.9 Dodging


You had 9 spell levels left.
You didn't know any spells.
Your spell library was empty.

Dungeon Overview and Level Annotations

Branches:
Dungeon (9/15)             Temple (0/1) D:4
   Lair: D:8-11         Orc: D:9-12

Altars:
Ashenzari
Elyvilon
Fedhas
Hepliaklqana
Kikubaaqudgha
Nemelex Xobeh
Okawaru
Qazlal
Ru
Sif Muna
Trog
Uskayaw

Shops:
D:4 ?

Annotations:
D:8 3 runed translucent doors, Calamarain's ghost, novice HuMo; Veteran's ghost, novice GnEE


Innate Abilities, Weirdness & Mutations

You can breathe wild blasts of lightning.
Your glossy black scales are hard. (AC +7)
You cannot fit into any form of body armour.
You are resistant to electric shocks. (rElec)
You are cold-blooded and may be slowed by cold attacks.


Message History

Something bites you but does no damage.
You hit something.
Unholy energy fills the air.
* * * LOW HITPOINT WARNING * * *
The iguana closely misses you.
You hear some strange, mumbled words.
You are confused.
You see here a stone.
You hit the iguana but do no damage.
The iguana is poisoned.
You tail-slap the iguana, but do no damage.
Something barely misses you. Something bites you.
* * * LOW HITPOINT WARNING * * *
Something draws strength from your injuries!
The iguana bites you!
* * * LOW HITPOINT WARNING * * *
Something hits you.
* * * LOW HITPOINT WARNING * * *
Something completely misses you.
You feel very mighty all of a sudden. Something hits you.
You die...

....#. #...#.# ......
......# #..#.. #.....#
.......##.....#
.............# #
..#..#.##!..# .#
.......#..###.#
#.....{l###.# .
#.#...#@...#
....##.##...##
#........#.#
#.....#.#.###.#
#.....#.#.# #.#
###.###.#.# ##
.....#.#.# ..
#.#.#(################
#
##.#.....((((..........


You could see an iguana.

Vanquished Creatures
  A two-headed ogre (D:6)
  A hornet (D:9)
  5 slime creatures
  3 hogs (D:8)
  3 hungry ghosts
  A yak (D:8)
  A human (D:8)
  A water moccasin (D:9)
  An orc warrior (D:8)
  5 ice beasts
  3 phantoms
  4 sky beasts
  4 ogres
  2 centaurs
  A big kobold (D:9)
  5 bullfrogs
  4 scorpions
  A water moccasin skeleton (D:8)
  6 killer bees (D:8)
  3 crimson imps
  2 howler monkeys (D:9)
  2 jellies
  A bullfrog zombie (D:5)
  3 centaur skeletons
  9 orc wizards
  Crazy Yiuf (D:3)
  An orc priest (D:4)
  2 hounds
  A bullfrog skeleton (D:9)
  Natasha (thrice) (D:3)
  An iguana (D:4)
  3 worker ants
  2 hound skeletons (D:4)
  4 gnolls
  A howler monkey skeleton (D:7)
  10 adders
  A shadow imp (D:4)
  3 oozes
  A worm (D:2)
  2 dart slugs (D:1)
  6 leopard geckos
  24 orcs
  4 giant cockroaches
  8 goblins
  7 hobgoblins
  10 jackals
  6 quokkas
  3 ball pythons
  6 bats
  2 frilled lizards (D:3)
  A jackal skeleton (D:4)
  8 kobolds
  6 rats
199 creatures vanquished.

Vanquished Creatures (others)
  5 withered plants (D:8)
5 creatures vanquished.

Grand Total: 204 creatures vanquished

Notes
Turn   | Place    | Note
-------+----------+-------------------------------------------
     0 | D:1      | DasRunzen the Draconian Berserker began the quest for the
                  | Orb.
     0 | D:1      | Reached XP level 1. HP: 19/19 MP: 1/1
   225 | D:1      | Reached XP level 2. HP: 26/26 MP: 2/2
   386 | D:1      | Reached XP level 3. HP: 29/33 MP: 3/3
  1026 | D:2      | Reached ** piety under Trog
  1027 | D:2      | Found a blossoming altar of Fedhas.
  1255 | D:2      | Reached skill level 4 in Fighting
  1365 | D:2      | Reached XP level 4. HP: 22/40 MP: 4/4
  1690 | D:3      | Noticed Natasha
  1863 | D:3      | Killed Natasha
  1873 | D:3      | Noticed Natasha
  1881 | D:3      | Killed Natasha
  1881 | D:3      | Reached XP level 5. HP: 47/47 MP: 5/5
  1978 | D:3      | Noticed Natasha
  1989 | D:3      | Killed Natasha
  2007 | D:3      | Found an ancient bone altar of Kikubaaqudgha.
  2045 | D:3      | Reached skill level 5 in Fighting
  2316 | D:3      | You fall into a shaft and drop 1 floor!
  2330 | D:4      | Reached XP level 6. HP: 28/56 MP: 6/6
  2655 | D:5      | Entered Level 5 of the Dungeon
  2662 | D:5      | Reached skill level 5 in Axes
  2669 | D:5      | Noticed a sky beast
  2707 | D:4      | Killed a sky beast
  2707 | D:4      | Your scales start taking on a glossy black colour.
  2707 | D:4      | Reached XP level 7. HP: 34/62 MP: 7/7
  2707 | D:4      | Gained mutation: You are resistant to electric shocks.
                  | (rElec) [Black Draconian growth]
  2918 | D:4      | Reached skill level 6 in Fighting
  2918 | D:4      | Reached skill level 5 in Dodging
  3232 | D:3      | Reached *** piety under Trog
  3299 | D:3      | Found a runed translucent door.
  3300 | D:3      | Noticed Crazy Yiuf
  3426 | D:3      | Killed Crazy Yiuf
  3783 | D:4      | HP: 3/64 [orc wizard/+0 dagger (3)]
  3785 | D:4      | HP: 1/64 [poisoned by an orc wizard]
  4170 | D:4      | Found Xalextum's Magic Scroll Boutique.
  4208 | D:4      | Found a sparkling altar of Nemelex Xobeh.
  4289 | D:4      | Found a staircase to the Ecumenical Temple.
  4476 | D:5      | Reached XP level 8. HP: 60/71 MP: 8/8
  4685 | D:5      | Reached skill level 7 in Fighting
  5362 | D:6      | Noticed a two-headed ogre
  5372 | D:6      | Killed a two-headed ogre
  5372 | D:6      | Reached skill level 8 in Fighting
  5372 | D:6      | Reached XP level 9. HP: 72/81 MP: 9/9
  5429 | D:6      | Paralysed by fainting for 7 turns
  5537 | D:6      | Found a shattered altar of Ashenzari.
  5561 | D:6      | Reached **** piety under Trog
  5602 | D:6      | Found a hazy altar of Hepliaklqana.
  5603 | D:6      | Found a bloodstained altar of Trog.
  5604 | D:6      | Found a hide-covered altar of Uskayaw.
  5922 | D:7      | Reached skill level 9 in Fighting
  6566 | D:8      | Reached skill level 1 in Polearms
  6823 | D:8      | Reached XP level 10. HP: 90/91 MP: 10/10
  6929 | D:8      | Reached ***** piety under Trog
  6958 | D:8      | Found a stormy altar of Qazlal.
  7045 | D:8      | Found a runed translucent gate.
  7046 | D:8      | Found a runed translucent gate.
  7058 | D:8      | Found a runed translucent gate.
  7059 | D:8      | Noticed Veteran's ghost (novice GnEE)
  7060 | D:8      | Noticed Calamarain's ghost (novice HuMo)
  7126 | D:8      | Found an iron altar of Okawaru.
  7526 | D:9      | Reached skill level 10 in Fighting
  7940 | D:9      | Found a white marble altar of Elyvilon.
  7952 | D:9      | Found a sacrificial altar of Ru.
  7959 | D:9      | Found a deep blue altar of Sif Muna.
  8088 | D:9      | HP: 3/94 [something (6)]
  8089 | D:9      | Slain by a vampire

Levels and vault maps discovered:
D:1:      minmay_arrival_plants_in_alcoves, layout_loops_ring,
          hangedman_decor_riveting
D:2:      layout_basic, old_standard_altar
D:3:      layout_basic, kiku_gazebo_pond_becter, uniq_crazy_yiuf_cottage,
          uniq_natasha
D:4:      layout_loops_ring, nemelex_xobeh_ov_fountains_minmay,
          minmay_temple_entry_overgrown, serial_shops, kennysheep_mini,
          minmay_strange_pillars
D:5:      layout_gridville, first_ration
D:6:      layout_rooms, chequers_temple_overflow_statue_of_worship,
          cheibrodos_ashenzari_chains
D:7:      layout_rooms, serial_rivers, chequers_serial_rivers_large_b,
          chequers_serial_rivers_small_3, chequers_serial_rivers_small_b,
          chequers_serial_rivers_small_a, chequers_serial_rivers_room_b
D:8:      layout_loops_ring, nicolae_qazlal_style_of_elements,
          kennysheep_mini_moat, gammafunk_ghost_cemetery, grunt_livestock,
          minmay_manual_moon
D:9:      layout_loops_ring, grunt_temple_overflow_open, minivault_26,
          hangedman_decor_clover_reticule

Skill      XL: |  1  2  3  4  5  6  7  8  9 10 |
---------------+-------------------------------+-----
Dodging        | 3 4 5 6 8 |  8.9
Fighting       | 4 5 6 8 9 10 | 10.5
Axes           | 4 5 6 7 8 9 |  9.7
Polearms       | 2 4 |  4.7

Action                   |  1- 3 |  4- 6 |  7- 9 | 10-12 || total
-------------------------+-------+-------+-------+-------++-------
Melee: Hand axe          |   106 |   159 |   356 |       ||   621
       Tailslap          |    15 |    31 |    75 |    43 ||   164
       Trident           |       |       |    79 |   201 ||   280
Invok: Berserk           |     1 |     1 |     3 |       ||     5
       Trog's Hand       |       |     4 |     1 |     1 ||     6
 Abil: Breathe Lightning |       |       |     1 |       ||     1
  Use: Scroll            |     5 |     1 |     6 |       ||    12
       Potion            |       |       |     3 |     1 ||     4
 Stab: Sleeping          |     2 |       |     6 |       ||     8
       Distracted        |       |       |     1 |       ||     1
  Eat: Chunk             |     1 |     7 |    10 |     3 ||    21
       Ration            |       |       |     4 |     1 ||     5
Armor: Skin              |    31 |    51 |   111 |    53 ||   246
Dodge: Dodged            |    77 |   143 |   287 |   133 ||   640

Table legend:
 A = Non-vault XP
 B = Vault XP
 C = Vault XP percentage of total XP
 D = Non-vault monster count
 E = Vault monster count
 F = Vault count percentage of total count
                 A         B        C        D         E       F
            +---------+---------+-------+---------+---------+-------
      Total |    8586 |    1333 |  13.4 |     189 |      10 |   5.0
            +---------+---------+-------+---------+---------+-------
        D:1 |      46 |       0 |   0.0 |      23 |       0 |   0.0
        D:2 |      90 |       0 |   0.0 |      16 |       0 |   0.0
        D:3 |     204 |      77 |  27.4 |      23 |       2 |   8.0
        D:4 |     878 |       0 |   0.0 |      25 |       0 |   0.0
        D:5 |     545 |       0 |   0.0 |      23 |       0 |   0.0
        D:6 |    1944 |       0 |   0.0 |      17 |       0 |   0.0
        D:7 |     703 |       0 |   0.0 |      15 |       0 |   0.0
        D:8 |    1783 |    1256 |  41.3 |      22 |       8 |  26.7
        D:9 |    2393 |       0 |   0.0 |      25 |       0 |   0.0
            +---------+---------+-------+---------+---------+-------
